 Dungeon Crawl Stone Soup version 0.27-a0-1136-g0b992a5a9d (webtiles) character file.

Game seed: 3365917662088914642

786 BigRedEye the Carver (level 7, -18/58 HPs)
             Began as a Minotaur Fighter on May 5, 2021.
             Demolished by a large slime creature (35 damage)
             ... on level 5 of the Dungeon.
             The game lasted 00:07:55 (4476 turns).

BigRedEye the Carver (Minotaur Fighter)             Turns: 4476, Time: 00:07:56

Health: -18/58     AC:  6    Str: 23    XL:     7   Next: 56%
Magic:  6/6        EV:  7    Int:  5    God:
Gold:   203        SH: 10    Dex: 15    Spells: 6/6 levels left

rFire    . . .     SeeInvis .   a - +0 long sword
rCold    . . .     Faith    .   c - +0 kite shield
rNeg     . . .     Spirit   .   b - +0 scale mail
rPois    .         Reflect  .   (helmet restricted)
rElec    .         Harm     .   (no cloak)
rCorr    .         Rampage  .   (no gloves)
Will     .....                  (no boots)
Stlth    ..........             (no amulet)
HPRegen  0.19/turn              l - +6 ring of dexterity
MPRegen  0.10/turn              (no ring)

@: no status effects
A: horns 2, retaliatory headbutt
a: no special abilities


You were on level 5 of the Dungeon.
You visited 1 branch of the dungeon, and saw 5 of its levels.

You collected 203 gold pieces.

Inventory:

Hand Weapons
 a - a +0 long sword (weapon)
 u - a +0 great sword of holy wrath
Missiles
 g - 140 stones (quivered)
 k - a throwing net
Armour
 b - a +0 scale mail (worn)
 c - a +0 kite shield (worn)
Jewellery
 l - a +6 ring of dexterity (left hand)
Scrolls
 j - a scroll of teleportation {unknown}
 n - a scroll of identify {unknown}
 r - a scroll of vulnerability {unknown}
 s - a scroll of noise {unknown}
 t - a scroll of acquirement {unknown}
Potions
 d - a potion of might
 e - a potion of ambrosia {unknown}
 f - 3 potions of lignification {unknown}
 h - 4 potions of curing {unknown}
 i - 2 potions of heal wounds {unknown}
 m - a potion of brilliance {unknown}
 o - a potion of berserk rage {unknown}
 p - a potion of attraction {unknown}
 q - a potion of cancellation {unknown}


   Skills:
 - Level 3.6 Fighting
 * Level 10.3 Long Blades
 - Level 3.6 Armour
 - Level 3.6 Shields


You had 6 spell levels left.
You didn't know any spells.
Your spell library was empty.

Dungeon Overview and Level Annotations

Branches:
Dungeon (5/15)
 Temple: D:4-7

Altars:
Fedhas
Nemelex Xobeh
Qazlal
Ru


Innate Abilities, Weirdness & Mutations

You have a pair of horns on your head.
You reflexively headbutt those who attack you in melee.


Message History

No target in view!
No target in view!
No target in view!
No target in view!
No target in view!
No target in view!
Things that are here:
a +0 whip; 2 poisoned darts
Things that are here:
a +0 whip; 2 poisoned darts You open the door.
An endoplasm and a jelly come into view.
The endoplasm quivers.
The jelly quivers.
Found a rat skeleton. 3 endoplasms, 3 jellies and 2 slime creatures come into view.
The endoplasm quivers.
The jelly quivers. x3; The slime creature quivers.
The endoplasm quivers.
The endoplasm hits the fungus.
The fungus begins to die.
Found three rat skeletons, a bat skeleton, two goblin skeletons and 19 stones.
There is an open door here.
The endoplasm hits the fungus.
The fungus begins to die.
You block the slime creature's attack.
The slime creature hits you but does no damage.
The slime creature barely misses you.
There is an open door here.
A slime creature suddenly becomes a large slime creature.
You slash the jelly!
You kill the jelly!
Things that are here:
a +0 whip; 2 poisoned darts You slash the large slime creature!
The large slime creature is lightly wounded.
The large slime creature hits you!!!
Ouch! That really hurt!
* * * LOW HITPOINT WARNING * * *
You hit the large slime creature.
The large slime creature is lightly wounded.
The large slime creature hits you!!
Ouch! That really hurt!
You die...

..#. #.##.#. ########
#.##.#. #...J..##########
#.##.#.
#PPJP..'##......###.##.#.
#....J.#J#..[....##.÷....
#P.J.PJ#J#........'.##.##
#....÷.#J#........'..#.##
#...P÷.#@#'#......'....).
#.÷÷J..#.#.#...).##..####
#.P÷PP.#.#.#....###.##
#(..÷..##.####### #.#
###########.#
#######........#
#.#....####.#### #.#.####
#.# #.#.# #.#


You could see a large slime creature, a jelly and an endoplasm.

Vanquished Creatures
  An ogre (D:4)
  4 kobold brigands
  A bullfrog (D:4)
  A scorpion (D:5)
  A bullfrog zombie (D:5)
  A jelly (D:5)
  2 iguanas
  4 gnolls
  6 adders
  An adder skeleton (D:4)
  2 worms
  5 dart slugs
  7 orcs
  4 ball pythons
  3 bats
  5 endoplasms
  3 giant cockroaches
  7 goblins
  5 hobgoblins
  10 jackals
  A quokka (D:4)
  5 frilled lizards
  8 kobolds
  2 rats
89 creatures vanquished.

Vanquished Creatures (others)
  3 fungi (D:5)
  8 toadstools (D:5)
11 creatures vanquished.

Grand Total: 100 creatures vanquished

Notes
Turn   | Place    | Note
-------+----------+-------------------------------------------
     0 | D:1      | BigRedEye the Minotaur Fighter began the quest for the Orb.
     0 | D:1      | Reached XP level 1. HP: 19/19 MP: 0/0
   195 | D:1      | Reached skill level 3 in Long Blades
   281 | D:1      | Reached XP level 2. HP: 27/27 MP: 1/1
   446 | D:1      | Reached skill level 4 in Long Blades
   508 | D:1      | Reached XP level 3. HP: 33/33 MP: 2/2
   794 | D:2      | Found a faded altar of an unknown god.
  1787 | D:3      | Reached skill level 5 in Long Blades
  1805 | D:3      | Reached XP level 4. HP: 31/40 MP: 3/3
  2039 | D:3      | Found a blossoming altar of Fedhas.
  2390 | D:2      | Reached skill level 6 in Long Blades
  2433 | D:3      | Reached XP level 5. HP: 45/46 MP: 4/4
  2895 | D:4      | Reached skill level 7 in Long Blades
  2959 | D:4      | Noticed an ogre
  2969 | D:4      | Killed an ogre
  2970 | D:4      | Reached skill level 8 in Long Blades
  2970 | D:4      | Reached XP level 6. HP: 37/52 MP: 5/5
  3219 | D:4      | Found a stormy altar of Qazlal.
  3219 | D:4      | Found a sparkling altar of Nemelex Xobeh.
  3227 | D:4      | Found a faded altar of an unknown god.
  3229 | D:4      | Found a sacrificial altar of Ru.
  3231 | D:4      | Found a faded altar of an unknown god.
  3622 | D:5      | Entered Level 5 of the Dungeon
  3955 | D:5      | Reached skill level 9 in Long Blades
  4110 | D:5      | Reached XP level 7. HP: 35/58 MP: 6/6
  4457 | D:5      | Reached skill level 10 in Long Blades
  4465 | D:5      | Noticed a slime creature
  4465 | D:5      | Noticed a slime creature
  4476 | D:5      | Demolished by a large slime creature

Illustrated notes

Levels and vault maps discovered:
D:1:      lemuel_arrival_funnel, layout_loops_cross
D:2:      minmay_general_purpose_star, layout_loops_cross,
          hellmonk_ecumenical_altar_arch_garden
D:3:      layout_rooms, fedhas_altar_3
D:4:      layout_loops_cross, chequers_temple_overflow_minitemple
D:5:      cheibrodos_fertilizer, layout_loops_ring, minmay_temple_entry_grid,
          patterned_corridor

Skill      XL: |  1  2  3  4  5  6  7 |
---------------+----------------------+-----
Long Blades    | 3 4 5 6 8 9 10 | 10.3
Fighting       | |  3.6
Armour         | |  3.6
Shields        | |  3.6

Action                   |  1- 3 |  4- 6 |  7- 9 || total
-------------------------+-------+-------+-------++-------
Melee: Long sword        |    74 |   108 |    24 ||   206
       Headbutt          |    10 |    24 |     5 ||    39
Armor: Scale mail        |    28 |    36 |     5 ||    69
Dodge: Dodged            |    28 |    34 |     7 ||    69
Block: Kite shield       |    40 |    52 |    12 ||   104
       Rpst.: Long sword |     6 |    13 |     1 ||    20

Table legend: (Time is in decaauts)
 A = Elapsed time spent in this place.
 B = Non-inter-level travel time spent in this place.
 C = Inter-level travel time spent in this place.
 D = Time resting spent in this place.
 E = Time spent auto-exploring this place.
 F = Levels seen in this place.
 G = Mean time per level.
                   A        B        C        D        E       F      G
               +--------+--------+--------+--------+--------+-----+--------+
         Total |   4548 |   4324 |    224 |    623 |   3039 |   5 |  909.6 |
       Dungeon |   4548 |   4324 |    224 |    623 |   3039 |   5 |  909.6 |
               +--------+--------+--------+--------+--------+-----+--------+

Top non-repeatable levels by time:
     D:2: 1235 daAuts
     D:4: 1192 daAuts
     D:3: 834 daAuts
     D:1: 804 daAuts
     D:5: 481 daAuts
